 Dungeon Crawl Stone Soup version 0.23.1 (webtiles) character file.

Game seed: 11855500974839383092

20 Borgoz the Skirmisher (level 2, -1/26 HPs)
             Began as a Ghoul Monk on Mar 16, 2019.
             Slain by a worm (8 damage)
             ... on level 1 of the Dungeon.
             The game lasted 00:01:35 (872 turns).

Borgoz the Skirmisher (Ghoul Monk)                   Turns: 872, Time: 00:01:36

Health: -1/26      AC: 10    Str: 14    XL:     2   Next: 79%
Magic:  1/1        EV: 12    Int:  5    God:
Gold:   77         SH:  0    Dex: 11    Spells: 1/1 levels left

rFire    . . .     SeeInvis .   n - +0 dagger (protect)
rCold    + . .     Gourm    .   (no shield)
rNeg     + + +     Faith    .   e - +0 leather armour
rPois    ∞         Spirit   .   (no helmet)
rElec    .         Reflect  .   (no cloak)
rCorr    .         Harm     .   (no gloves)
MR       .....                  (no boots)
Stlth    ++........             (no amulet)
HPRegen  0.00/turn              (no ring)
MPRegen  0.07/turn              (no ring)

@: protection aura, rotting
A: rotting body, claws 1, carnivore, cold resistance 1, negative energy
resistance 3, inhibited regeneration, torment resistance, unbreathing
a: no special abilities


You were on level 1 of the Dungeon.
You were not hungry.

You visited 1 branch of the dungeon, and saw 2 of its levels.

You collected 77 gold pieces.

Inventory:

Hand Weapons
 n - a +0 dagger of protection (weapon)
Missiles
 g - 8 poisoned needles
Armour
 e - a +0 leather armour (worn)
Scrolls
 f - 4 scrolls of identify {unknown}
 j - 2 scrolls of teleportation {unknown}
 k - a scroll of fear {unknown}
 l - a scroll of remove curse {unknown}
 m - a scroll of immolation {unknown}
Potions
 b - 3 potions of haste {unknown}
 h - a potion of heal wounds {unknown}
 i - a potion of lignification {unknown}
Comestibles
 c - 3 rations


   Skills:
 + Level 3.4 Fighting
 * Level 3.0 Short Blades
 * Level 0.9 Armour
 * Level 2.9 Dodging
 + Level 2.3 Stealth


You had one spell level left.
You didn't know any spells.
Your spell library was empty.

Dungeon Overview and Level Annotations

Branches:
Dungeon (2/15)

Altars:


Innate Abilities, Weirdness & Mutations

Your body is rotting away.
You thrive on raw meat.
You are immune to poison.
You have sharp fingernails.
You are carnivorous and can eat meat at any time.
Your flesh is cold resistant. (rC+)
You are immune to negative energy. (rN+++)
You do not regenerate when monsters are visible.
You are immune to unholy pain and torment.
You can survive without breathing.


Message History

You hit the worm.
The worm is moderately wounded.
The worm closely misses you.
You hit the worm but do no damage.
The worm is moderately wounded.
You hit the worm.
The worm is heavily wounded.
The worm bites you.
You hit the worm.
The worm is heavily wounded.
You hit the worm but do no damage.
The worm is heavily wounded.
The worm bites you!
* * * LOW HITPOINT WARNING * * *
You completely miss the worm.
The worm is heavily wounded.
You hit the worm.
The worm is heavily wounded.
The worm bites you!
You die...

#..# #.# ##### #######..#
#.# #########
###........# #.#
#D#D#^#≈#####
....#####.##
#.############D#D# #####
#.# ##'##d#"......#####
#.# ###...###.#####......
#.# #≈#.>.....#X#^#####..
#.#####...#########^#≈###
#.....##@##D#X# #####^#
########w###### ### #
#...# ##### ### ## #.#.#
#.#.# ###.## .### #.#.#
#...# #..... ...#
#.#.###.######.###. .#.#
#.#.....#......##..
##.########
#.##..÷##.####.###.
##........## #.....>(..#
#÷....


You could see a shadow dragon, a black draconian and a worm.

Vanquished Creatures
  A dart slug (D:1)
  A leopard gecko (D:1)
  A giant cockroach (D:1)
  3 goblins (D:1)
  2 hobgoblins (D:1)
  2 kobolds (D:1)
  A bat (D:1)
  3 frilled lizards (D:1)
  3 rats (D:1)
17 creatures vanquished.

Notes
Turn   | Place    | Note
-------+----------+-------------------------------------------
     0 | D:1      | Borgoz the Ghoul Monk began the quest for the Orb.
     0 | D:1      | Reached XP level 1. HP: 19/19 MP: 0/0
     0 | D:1      | Noticed an iron dragon
     0 | D:1      | Noticed a large abomination
     0 | D:1      | Noticed an iron dragon
     2 | D:1      | Noticed an orb of fire
     4 | D:1      | Noticed a red draconian
     7 | D:1      | Noticed an orb of fire
     9 | D:1      | Noticed an iron dragon
    11 | D:1      | Noticed an iron dragon
    15 | D:1      | Noticed a black draconian
    17 | D:1      | Noticed a shadow dragon
    17 | D:1      | Noticed a tentacled monstrosity
    17 | D:1      | Noticed a large abomination
    19 | D:1      | Noticed a shadow dragon
    19 | D:1      | Noticed a shadow dragon
   205 | D:1      | Reached XP level 2. HP: 25/26 MP: 1/1
   872 | D:1      | Slain by a worm

Skill      XL: |  1  2 |
---------------+-------+-----
Short Blades   | 3 |  3.0
Fighting       | |  3.4
Armour         | |  0.9
Dodging        | |  2.9
Stealth        | |  2.3

Action                   || total
-------------------------++-------
Melee: Short sword       ||    27
       Dagger            ||    47
 Stab: Sleeping          ||     3
  Eat: Chunk             ||     7
Armor: Leather armour    ||    21
Dodge: Dodged            ||    38
